 Dungeon Crawl Stone Soup version 0.28-a0-631-g0446da8ef9 (webtiles) character file.

Game seed: 5249810116206516609

13377 siradein the Zephyrmancer (level 11, -6/74 HPs)
             Began as a Red Draconian Air Elementalist on Oct 10, 2021.
             Was a Priest of Vehumet.
             Hit by a silver javelin thrown by a minotaur (9 damage)
             ... in a Gauntlet.
             The game lasted 00:42:41 (13409 turns).

siradein the Zephyrmancer (DrAE)                   Turns: 13409, Time: 00:42:42

Health: -6/74      AC: 17    Str: 11    XL:     11   Next: 74%
Magic:  13/23      EV: 15    Int: 19    God:    Vehumet [***...]
Gold:   436        SH:  0    Dex:  6    Spells: 10/26 levels left

rFire   + . .      SeeInvis .   E - staff of cold
rCold   + . .      Faith    .   (no shield)
rNeg    + . .      Spirit   .   (armour unavailable)
rPois   +          Reflect  .   (helmet restricted)
rElec   +          Harm     .   M - +2 cloak of Fortification {rElec rPois rN+ Dex-5}
rCorr   .          Rampage  .   r - +0 pair of gloves
Will    .....      NoTele   +   F - +1 pair of boots
Stlth   +.........              x - amulet of magic regeneration
HPRegen 0.22/turn               h - +4 ring of protection
MPRegen 0.43/turn               I - +4 ring of evasion

@: studying Staves
A: breathe fire, AC +7, unfitting armour, fire resistance 1, cold-blooded
a: Breathe Fire, Renounce Religion


You were in a Gauntlet.
You worshipped Vehumet.
Vehumet was most pleased with you.
You visited 2 branches of the dungeon, and saw 12 of its levels.
You also visited: Gauntlet.

You collected 462 gold pieces.
You spent 26 gold pieces at shops.

Inventory:

Missiles
 p - 10 poisoned darts
Armour
 b - a +0 buckler
 r - a +0 pair of gloves (worn)
 F - a +1 pair of boots (worn)
 M - the +2 cloak of Fortification (worn) {rElec rPois rN+ Dex-5}
   (You found it in a Gauntlet)

   Dex:       It affects your dexterity (-5).
   rElec:     It insulates you from electricity.
   rPois:     It protects you from poison.
   rN:        It protects you from negative energy.
Magical Staves
 E - a staff of cold (weapon)
Jewellery
 h - a +4 ring of protection (left hand)
 x - an amulet of magic regeneration (around neck)
 B - a ring of protection from fire
 C - a ring of resist corrosion
 G - a +6 ring of strength
 I - a +4 ring of evasion (right hand)
Wands
 c - a wand of flame (14)
 i - a wand of polymorph (2)
 v - a wand of acid (6)
 z - a wand of mindburst (23)
Scrolls
 a - a scroll of summoning {unknown}
 j - 2 scrolls of fear {unknown}
 k - 4 scrolls of teleportation
 l - 2 scrolls of enchant weapon
 m - 5 scrolls of immolation
 q - a scroll of acquirement {unknown}
 u - a scroll of identify
 w - a scroll of blinking {unknown}
 y - a scroll of enchant armour
 D - a scroll of fog
 H - a scroll of vulnerability {unknown}
Potions
 d - 3 potions of brilliance
 e - 2 potions of haste
 f - 2 potions of resistance
 n - 2 potions of curing
 o - 3 potions of mutation {unknown}
 t - 2 potions of cancellation {unknown}
 A - a potion of might {unknown}
 J - 2 potions of invisibility {unknown}
 K - a potion of experience {unknown}
 L - a potion of lignification {unknown}


   Skills:
 - Level 1.7 Dodging
 - Level 1.7 Stealth
 + Level 6.2 Unarmed Combat
 + Level 8.0 Spellcasting
 + Level 8.5 Conjurations
 + Level 5.6 Necromancy
 + Level 6.2 Transmutations
 + Level 9.0 Air Magic
 - Level 6.2 Poison Magic


You had 10 spell levels left.
You knew the following spells:

 Your Spells              Type           Power      Damage    Failure   Level
a - Shock                 Conj/Air       100%       1d9       1%          1
b - Static Discharge      Conj/Air       41%        N/A       1%          2
c - Swiftness             Air            41%        N/A       1%          3
d - Airstrike             Air            20%        N/A       1%          4
e - Poisonous Vapours     Pois/Air       72%        N/A       1%          2
f - Dispel Undead         Necr           29%        3d13      9%          4

Your spell library contained the following spells:

 Spells                   Type           Power      Damage    Failure   Level
 Conjure Flame            Conj/Fire      23%        6-21      1%          3
 Sting                    Tmut/Pois      100%       1d8       1%          1
 Corpse Rot               Necr/Air       N/A        N/A       1%          2
 Olgreb's Toxic Radiance  Pois           31%        N/A       1%          4
 Conjure Ball Lightning   Conj/Air       20%        3x3d6     11%         6
 Fireball                 Conj/Fire      11%        3d7       12%         5
 Ensorcelled Hibernation  Hex/Ice        22%        N/A       14%         2
 Summon Lightning Spire   Summ/Air       24%        N/A       14%         4
 Tukima's Dance           Hex            7%         N/A       26%         3
 Starburst                Conj/Fire      11%        6d5       50%         6
 Cause Fear               Hex            3%         N/A       65%         4
 Death Channel            Necr           14%        N/A       80%         6
 Dragon Form              Tmut           15%        N/A       99%         7
 Ignition                 Fire           3%         3d4       100%        8
 Dragon's Call            Summ           3%         N/A       100%        9


Dungeon Overview and Level Annotations

Branches:
Dungeon (11/15)            Temple (1/1) D:5            Lair (0/6) D:10
Gauntlet (1/1)
    Orc: D:9-12

Altars:
Ashenzari
Cheibriados
Dithmenos
Elyvilon
Fedhas
Gozag
Hepliaklqana
Kikubaaqudgha
Makhleb
Okawaru
Qazlal
Ru
Sif Muna
Trog
Uskayaw
Vehumet
Wu Jian
Xom
Yredelemnul
Zin
The Shining One

Shops:
D:4 ?!:   D:6 *   D:8 =

Annotations:
D:4 3 runed translucent doors, jasper's ghost, amateur DsAr Gauntlet 6 transporters


Innate Abilities, Weirdness & Mutations

You can breathe blasts of fire.
Your fiery red scales are hard. (AC +7)
You cannot fit into any form of body armour.
Your flesh is heat resistant. (rF+)
You are cold-blooded and may be slowed by cold attacks.


Message History

Aim: a minotaur, wielding a +2 glaive of venom, wearing a +2 plate armour of fire resistance, wearing an amulet of regeneration and quivering silver javelins (severely wounded, extremely poisoned, empty space bonus: 2/8)
The air twists around and strikes the minotaur but does no damage.
The minotaur hits you from afar with a +2 glaive of venom!!
* * * LOW HITPOINT WARNING * * *
You are poisoned.
You feel much better.
You feel sick.
The minotaur throws a silver javelin.
The silver javelin misses you.
You feel sick.
You feel sick.
You feel sick.
You feel sick.
The minotaur throws a silver javelin.
The silver javelin pierces through you!!
* * * LOW HITPOINT WARNING * * *
x2
* * * LOW HITPOINT WARNING * * *
You feel sick.
The minotaur throws a silver javelin.
The silver javelin closely misses you.
You feel much better.
You feel sick.
You are no longer poisoned.
The minotaur throws a silver javelin.
The silver javelin pierces through you!!
* * * LOW HITPOINT WARNING * * *
x2
Casting: Airstrike (mildly dangerous; 1% risk of failure)
Confirm with . or Enter, or press ? or * to list all spells.
Aiming: Airstrike (mildly dangerous; 1% risk of failure)
Press: ? - help, Dir - move target, f/p - minotaur
Aim: a minotaur, wielding a +2 glaive of venom, wearing a +2 plate armour of fire resistance, wearing an amulet of regeneration and quivering silver javelins (almost dead, very poisoned, empty space bonus: 4/8)
The air twists around and strikes the minotaur.
The minotaur is almost dead.
The minotaur throws a silver javelin.
The silver javelin pierces through you but does no damage.
* * * LOW HITPOINT WARNING * * *
Casting: Airstrike (mildly dangerous; 1% risk of failure)
Confirm with . or Enter, or press ? or * to list all spells.
Aiming: Airstrike (mildly dangerous; 1% risk of failure)
Press: ? - help, Dir - move target, f/p - minotaur
Aim: a minotaur, wielding a +2 glaive of venom, wearing a +2 plate armour of fire resistance, wearing an amulet of regeneration and quivering silver javelins (almost dead, very poisoned, empty space bonus: 4/8)
The air twists around and strikes the minotaur but does no damage.
You have got your breath back.
The minotaur throws a silver javelin.
The silver javelin pierces through you!
You die...

#.#.....#.#..#.8.#
#.........#..#...# ##########
###########..#...# #........#
............§#.©.####.######.#
............∩#...H..#.# #.#
............≈#.©.##.#H####.#.#
###########..#...##.#......#.#
#...xXx...#..#...##.########.#
#.#.##.##X#..#.8@##.....H....#
....#x#..#...#############
#.##.##.#x#..#.8.#
#..#.©#..©#..#.§§#
#..##.##.x#..#≈8§#
#...#....?#..#####
#.#.##.##.#..#
#.........#..###
###########..#8#


You could see a minotaur (very poisoned), a large abomination and 3 small
abominations.

Vanquished Creatures
  2 two-headed ogres
  A centaur warrior (D:9)
  2 skeletal warriors (D:11)
  A necromancer (Gauntlet)
  A deep elf pyromancer (D:9)
  An ugly thing (D:10)
  Maurice (D:9)
  Maggie (D:6)
  A kobold demonologist (D:10)
  A meliai (D:9)
  3 trolls
  2 wolf spider simulacra (Gauntlet)
  A hornet (D:8)
  Prince Ribbit (D:7)
  2 centaur simulacra (Gauntlet)
  A vampire (D:11)
  A wraith (D:10)
  5 wyverns (D:10)
  2 shadows
  2 chaos spawn (Gauntlet)
  A steam dragon (D:9)
  A neqoxec (Gauntlet)
  An acid dragon (D:10)
  4 water moccasins (D:10)
  6 orc warriors
  A sky beast (D:6)
  A hornet zombie (D:5)
  4 black bears
  An ice beast (D:5)
  An ice dragon simulacrum (Gauntlet)
  6 wolves
  2 centaurs
  2 gnoll sergeants (D:8)
  3 bullfrogs
  A water moccasin zombie (D:6)
  10 killer bees
  The ghost of MisterAzrael the Insei, a weakling OpTm (D:3)
  3 centaur zombies
  3 hounds
  2 centaur skeletons
  3 jellies
  2 bullfrog skeletons
  9 orc priests
  Ijyb (D:5)
  9 iguanas
  9 orc wizards
  10 gnolls
  9 adders
  2 white imps
  An adder skeleton (D:4)
  31 orcs
  6 ball pythons
  2 bats
  13 endoplasms
  2 giant cockroaches
  6 goblins
  11 hobgoblins
  3 jackals
  5 quokkas
  2 frilled lizards (D:2)
  7 kobolds
  4 rats
233 creatures vanquished.

Vanquished Creatures (others)
  3 fungi (D:10)
  12 plants (D:10)
15 creatures vanquished.

Grand Total: 248 creatures vanquished

Notes
Turn   | Place    | Note
-------+----------+-------------------------------------------
     0 | D:1      | siradein the Draconian Air Elementalist began the quest for
                  | the Orb.
     0 | D:1      | Reached XP level 1. HP: 14/14 MP: 3/3
    81 | D:1      | Reached XP level 2. HP: 10/20 MP: 1/5
    84 | D:1      | Learned a level 2 spell: Static Discharge
   375 | D:1      | Found a faded altar of an unknown god.
   991 | D:1      | Reached XP level 3. HP: 26/26 MP: 2/6
   995 | D:1      | Learned a level 3 spell: Swiftness
  2125 | D:2      | Reached XP level 4. HP: 33/33 MP: 3/8
  2662 | D:3      | Reached skill level 4 in Air Magic
  2922 | D:3      | Found a shadowy altar of Dithmenos.
  2999 | D:3      | Reached XP level 5. HP: 25/38 MP: 1/9
  3254 | D:3      | Found a runed translucent door.
  3255 | D:3      | Noticed MisterAzrael's ghost (weakling OpTm)
  3440 | D:3      | Killed MisterAzrael's ghost
  3601 | D:4      | Found Owet's Book Shoppe.
  3944 | D:4      | Learned a level 4 spell: Airstrike
  4314 | D:4      | Found Hateuross's Distillery.
  4401 | D:4      | Reached XP level 6. HP: 45/45 MP: 7/11
  4585 | D:4      | Found Lej Viuw's Magic Scroll Shop.
  4616 | D:4      | Bought a scroll of identify for 26 gold pieces
  4753 | D:4      | Found a runed translucent gate.
  4753 | D:4      | Found a runed translucent gate.
  4753 | D:4      | Found a runed translucent gate.
  4779 | D:4      | Noticed jasper's ghost (amateur DsAr)
  5068 | D:5      | Entered Level 5 of the Dungeon
  5111 | D:5      | Learned a level 2 spell: Poisonous Vapours
  5127 | D:5      | Noticed Ijyb
  5447 | D:5      | Reached skill level 5 in Air Magic
  5447 | D:5      | Reached skill level 1 in Poison Magic
  5562 | D:5      | Your scales start taking on a fiery red colour.
  5562 | D:5      | Reached XP level 7. HP: 41/50 MP: 3/13
  5562 | D:5      | Gained mutation: Your flesh is heat resistant. (rF+) [Red
                  | Draconian growth]
  5811 | D:5      | Killed Ijyb
  6084 | D:5      | Found a staircase to the Ecumenical Temple.
  6095 | Temple   | Entered the Ecumenical Temple
  6130 | Temple   | Became a worshipper of Vehumet
  6211 | D:5      | Noticed a two-headed ogre
  6247 | D:5      | Killed a two-headed ogre
  6248 | D:5      | Reached skill level 5 in Spellcasting
  6248 | D:5      | Reached skill level 5 in Conjurations
  6248 | D:5      | Reached skill level 6 in Air Magic
  6248 | D:5      | Reached XP level 8. HP: 37/57 MP: 12/16
  6493 | D:6      | Noticed a troll
  6519 | D:5      | Killed a troll
  6520 | D:5      | Reached skill level 1 in Unarmed Combat
  6520 | D:5      | Reached skill level 1 in Transmutations
  6831 | D:6      | Found Seemusch's General Store.
  6977 | D:6      | Reached XP level 9. HP: 58/62 MP: 6/17
  7221 | D:6      | Noticed Maggie
  7230 | D:6      | Killed Maggie
  7729 | D:7      | Reached skill level 7 in Air Magic
  7803 | D:7      | Noticed Prince Ribbit
  7807 | D:7      | Killed Prince Ribbit
  7808 | D:7      | Reached skill level 1 in Necromancy
  7808 | D:7      | Reached skill level 5 in Poison Magic
  8511 | D:8      | Found Unaifuebb's Jewellery Shoppe.
  8601 | D:8      | Reached * piety under Vehumet
  8601 | D:8      | Offered knowledge of Sandblast by Vehumet.
  8890 | D:8      | Reached XP level 10. HP: 47/69 MP: 15/19
  9418 | D:9      | Noticed a centaur warrior
  9426 | D:9      | Killed a centaur warrior
  9673 | D:9      | Identified the +2 scale mail "Kygguutuoxt" {Rampage rF+
                  | Str+4}
  9689 | D:9      | Noticed a deep elf pyromancer
  9692 | D:9      | Killed a deep elf pyromancer
 10254 | D:9      | Offered knowledge of Magic Dart by Vehumet.
 10403 | D:9      | Reached ** piety under Vehumet
 10451 | D:9      | Noticed Maurice
 10500 | D:9      | Killed Maurice
 10516 | D:9      | Reached skill level 8 in Air Magic
 10885 | D:10     | Entered Level 10 of the Dungeon
 11235 | D:10     | Noticed a two-headed ogre
 11276 | D:10     | Killed a two-headed ogre
 11277 | D:10     | Reached skill level 5 in Unarmed Combat
 11277 | D:10     | Reached skill level 5 in Transmutations
 11277 | D:10     | Reached XP level 11. HP: 74/74 MP: 21/21
 11405 | D:10     | Noticed a green ugly thing
 11417 | D:10     | Killed a green ugly thing
 11759 | D:10     | Found a staircase to the Lair.
 11913 | D:10     | Offered knowledge of Conjure Flame by Vehumet.
 12272 | D:11     | Reached skill level 5 in Necromancy
 12285 | D:11     | Noticed a skeletal warrior
 12285 | D:11     | Noticed a skeletal warrior
 12297 | D:11     | Killed a skeletal warrior
 12340 | D:11     | Noticed a skeletal warrior
 12341 | D:11     | Noticed a skeletal warrior
 12349 | D:11     | Killed a skeletal warrior
 12437 | D:11     | Noticed a skeletal warrior
 12446 | D:11     | Found a gate leading to a gauntlet.
 12452 | Gauntlet | Entered a Gauntlet
 12452 | Gauntlet | Noticed a wizard
 12452 | Gauntlet | Found a transporter.
 12452 | Gauntlet | Found a transporter.
 12452 | Gauntlet | Found a transporter.
 12750 | Gauntlet | Found a transporter.
 12871 | Gauntlet | Found a transporter.
 12881 | Gauntlet | Found a transporter.
 12885 | Gauntlet | Found a transporter.
 12895 | Gauntlet | Found a transporter.
 12916 | Gauntlet | Found a transporter.
 12933 | Gauntlet | Found a transporter.
 12937 | Gauntlet | Found a transporter.
 12944 | Gauntlet | Noticed a necromancer
 12947 | Gauntlet | Found a transporter.
 13126 | Gauntlet | Killed a necromancer
 13223 | Gauntlet | Learned a level 4 spell: Dispel Undead
 13251 | Gauntlet | Got Sif Muna's Reference Book on Floating Poisoning
 13256 | Gauntlet | Identified the +2 cloak of Fortification {rElec rPois rN+
                  | Dex-5}
 13260 | Gauntlet | Reached skill level 9 in Air Magic
 13280 | Gauntlet | Reached *** piety under Vehumet
 13361 | Gauntlet | Noticed a minotaur
 13405 | Gauntlet | HP: 3/74 [minotaur/silver javelin (27)]
 13406 | Gauntlet | HP: 1/74 [poisoned by a minotaur]
 13409 | Gauntlet | Hit by a silver javelin thrown by a minotaur

Illustrated notes

Levels and vault maps discovered:
D:1:      eino_arrival_water_star, layout_loops_ring, serial_glass,
          glass_columns_b, glass_columns_a,
          hellmonk_ecumenical_altar_slurped_away
D:2:      cheibrodos_helix_gallery, layout_basic, st_stairs_8,
          grunt_decor_mini_mirrors
D:3:      layout_basic, mainiacjoe_overflow_paths,
          ebering_ghost_reflecting_pool, st_stairs_14, nicolae_underground_beach
D:4:      layout_basic, gammafunk_ghost_necromancy, serial_shops, shop, shop,
          nicolae_shop_waterfront
D:5:      layout_gridville, minmay_temple_entry_hall, uniq_ijyb
D:6:      layout_basic, serial_shops, shop, uniq_maggie
D:7:      layout_loops_ring, uniq_prince_ribbit1
D:8:      layout_rooms, serial_glass, glass_columns_a, glass_columns_b,
          glass_columns_c, glass_columns_a, glass_columns_c, glass_columns_a,
          glass_columns_c, glass_columns_c, serial_shops,
          nicolae_shop_statue_plus, minmay_fractal_squares_5
D:9:      layout_roguey, wad_mini_maze, uniq_maurice
D:10:     minmay_skewed_foursquare, layout_irregular_city,
          minmay_lair_entry_grove, nrook_campfire,
          hangedman_abyss_or_decor_jellyfish_corner, st_stairs_10
D:11:     layout_layer_cave, gauntlet_entry_generic
Temple:   dpeg_three_leaves_temple
Gauntlet: gammafunk_gauntlet_hard_choice [gammafunk_gauntlet_arena_spirals,
          nicolae_gauntlet_arena_quarters, gammafunk_gauntlet_arena_teeth,
          gammafunk_gauntlet_arena_crates, nicolae_gauntlet_arena_blocks,
          nicolae_gauntlet_arena_grate_2, gauntlet_exit_spiral]

Skill      XL: |  1  2  3  4  5  6  7  8  9 10 11 |
---------------+----------------------------------+-----
Conjurations   | 2 3 4 5 6 7 8 |  8.5
Spellcasting   | 3 4 5 6 7 8 |  8.0
Air Magic      | 4 5 6 7 8 9 |  9.0
Poison Magic   | 1 3 4 5 6 |  6.2
Unarmed Combat | 1 3 5 6 |  6.2
Transmutations | 1 3 5 6 |  6.2
Necromancy     | 2 4 5 |  5.6
Dodging        | |  1.7
Stealth        | |  1.7

Action                   |  1- 3 |  4- 6 |  7- 9 | 10-12 || total
-------------------------+-------+-------+-------+-------++-------
Melee: War axe           |     9 |       |       |       ||     9
       Tailslap          |     1 |     1 |       |       ||     2
       Unarmed           |     1 |       |       |     1 ||     2
       Dagger            |       |     6 |       |       ||     6
       Trident           |       |       |     1 |     1 ||     2
Throw: Dart              |       |       |     3 |       ||     3
 Cast: Shock             |    90 |   106 |   131 |   148 ||   475
       Static Discharge  |       |    29 |    24 |    30 ||    83
       Poisonous Vapours |       |     3 |    39 |    50 ||    92
       Swiftness         |       |     1 |       |       ||     1
       Airstrike         |       |       |       |    40 ||    40
       Dispel Undead     |       |       |       |     6 ||     6
 Abil: Breathe Fire      |       |       |    26 |    37 ||    63
  Use: Scroll            |       |     2 |     2 |    12 ||    16
       Potion            |       |       |       |     3 ||     3
Armor: Skin              |     3 |    13 |    19 |    55 ||    90
Dodge: Dodged            |    10 |    29 |    44 |    68 ||   151
Block: Other             |       |     6 |     6 |       ||    12

Table legend: (Time is in decaauts)
 A = Elapsed time spent in this place.
 B = Non-inter-level travel time spent in this place.
 C = Inter-level travel time spent in this place.
 D = Time resting spent in this place.
 E = Time spent auto-exploring this place.
 F = Levels seen in this place.
 G = Mean time per level.
                   A        B        C        D        E       F      G
               +--------+--------+--------+--------+--------+-----+--------+
         Total |  13408 |  13138 |    270 |    657 |   9784 |  13 | 1031.4 |
       Dungeon |  12408 |  12138 |    270 |    507 |   9333 |  11 | 1128.0 |
        Temple |     44 |     44 |      0 |      0 |      0 |   1 |   44.0 |
      Gauntlet |    955 |    955 |      0 |    150 |    451 |   1 |  955.0 |
               +--------+--------+--------+--------+--------+-----+--------+

Top non-repeatable levels by time:
     D:4: 1629 daAuts
     D:9: 1621 daAuts
     D:1: 1384 daAuts
    D:10: 1285 daAuts
     D:3: 1267 daAuts
     D:2: 1249 daAuts
     D:5: 974 daAuts
     D:8: 970 daAuts
Gauntlet: 955 daAuts
     D:6: 886 daAuts
     D:7: 858 daAuts
    D:11: 279 daAuts
  Temple: 44 daAuts
